 Dungeon Crawl Stone Soup version 0.31.0-9-g3a7656b989 (webtiles) character file.

Game seed: 18324992016389335320

1096 alpinistek the Chiller (level 8, 0/53 HPs)
             Began as a Demonspawn Ice Elementalist on Jan 25, 2024.
             Incinerated by a bombardier beetle (3 damage)
             ... with a burning spray
             ... on level 5 of the Dungeon.
             The game lasted 00:07:17 (4691 turns).

alpinistek the Chiller (DsIE)                       Turns: 4691, Time: 00:07:17

Health: 0/53       AC:  5    Str:  8    XL:     8   Next: 10%
Magic:  12/17      EV: 12    Int: 18    God:
Gold:   228        SH:  0    Dex: 19    Spells: 9/19 levels left

rFire   . . .        i - staff "Intiumy" {rC+ rN+++ Will- Dex+5 Ice}
rCold   + . .        (no shield)
rNeg    + + +        a - +0 robe
rPois   .            s - +0 helmet {SInv}
rElec   .            (no cloak)
rCorr   .            (no gloves)
SInv    +            (no boots)
Will    .....        (no amulet)
Stlth   +            k - ring of the Mage {Wiz Archmagi}
HPRegen 0.28/turn    o - ring of wizardry
MPRegen 0.15/turn

%: wizardry (x2), archmagi
@: on fire, glowing
A: hooves 1, molten scales 1, powered by death 2, demonic magic 1
a: no special abilities


You were on level 5 of the Dungeon.
You visited 1 branch of the dungeon, and saw 5 of its levels.

You collected 228 gold pieces.

Inventory:

Hand Weapons
 h - a +0 spear
 v - a +0 dagger of speed
 w - the +3 great mace of Causality {flame, rElec}
   (You took it off an ogre on level 4 of the Dungeon)

   rElec:     It insulates you from electricity.
Missiles
 q - a throwing net
Armour
 a - a +0 robe (worn)
 s - a +0 helmet of see invisible (worn)
Magical Staves
 i - the staff "Intiumy" (weapon) {rC+ rN+++ Will- Dex+5 Ice}
   (You found it on level 2 of the Dungeon)

   [staff of cold]

   Base accuracy: +5 Base damage: 5 Base attack delay: 1.2 This weapon's minimum
   attack delay (0.6) is reached at skill level 12.
   Dex+5:     It affects your dexterity (+5).
   rC+:       It protects you from cold.
   rN+++:     It renders you almost immune to negative energy.
   Will-:     It decreases your willpower.
   Ice:       It increases the power of your Ice spells.
   It falls into the 'Staves' category.
   It is a one-handed weapon.
Jewellery
 k - the ring of the Mage (left hand) {Wiz Archmagi}
   (You found it on level 2 of the Dungeon)

   [ring of wizardry]

   Wiz:       It improves your spell success rate.
   Archmagi:  It increases the power of your magical spells.
 o - a ring of wizardry (right hand)
Wands
 t - a wand of polymorph (3)
 u - a wand of flame (22)
Scrolls
 c - 5 scrolls of identify {unknown}
 d - a scroll of poison {unknown}
 e - 3 scrolls of fear {unknown}
 f - a scroll of torment {unknown}
 j - a scroll of amnesia {unknown}
 n - 2 scrolls of enchant weapon {unknown}
 p - 4 scrolls of teleportation {unknown}
 r - a scroll of enchant armour {unknown}
Potions
 b - a potion of magic
 g - 3 potions of heal wounds {unknown}
 l - a potion of mutation {unknown}
 m - a potion of curing {unknown}
 x - a potion of enlightenment {unknown}


   Skills:
 * Level 0.9 Fighting
 - Level 1.7 Dodging
 - Level 1.7 Stealth
 + Level 6.3 Spellcasting
 + Level 7.2 Ice Magic


You had 9 spell levels left.
You knew the following spells:

 Your Spells              Type           Power      Damage    Failure   Level
a - Freeze                Ice            100%       1d10      1%          1
b - Frozen Ramparts       Ice            100%       1d16      1%          3
c - Ozocubu's Armour      Ice            64%        N/A       1%          3
d - Summon Ice Beast      Ice/Summ       42%        N/A       2%          3

Your spell library contained the following spells:

 Spells                   Type           Power      Damage    Failure   Level


Dungeon Overview and Level Annotations

Branches:
Dungeon (5/15)
 Temple: D:4-7

Altars:
Kikubaaqudgha


Innate Abilities, Weirdness & Mutations

You have large cloven feet.
You are partially covered in molten scales. (AC +2)
You regenerate health from kills.
Spells you cast may paralyse adjacent enemies.


Message History

The iguana bites you.
You hit the iguana.
You kill the iguana!
Okay, then.
The frozen ramparts melt away.
Casting: Frozen Ramparts (safe; 1% risk of failure)
Confirm with . or Enter, or press ? or * to list all spells.
Casting: Frozen Ramparts (safe; 1% risk of failure)
Press: ? - help, Dir - look around, f - activate You feel a strong surge of power!
The walls around you are covered in ice.
Malevolent energies surge around you.
The wall freezes the bombardier beetle.
The wall freezes the bombardier beetle!
The bombardier beetle sprays incendiary fluid at you.
The burning spray hits you.
You are covered in liquid fire!
The liquid fire burns you!
The wall freezes the bombardier beetle!
You kill the bombardier beetle!
The liquid fire burns you!
You are on fire!
You are on fire!
You are on fire!
Unknown command.
The liquid fire burns you! The liquid fire burns you!
The liquid fire burns you! The liquid fire burns you!
The liquid fire burns you! The liquid fire burns you!
The frozen ramparts melt away.
The liquid fire burns you!
* * * LOW HITPOINT WARNING * * *
The liquid fire burns you!
* * * LOW HITPOINT WARNING * * *
The liquid fire burns you!
* * * LOW HITPOINT WARNING * * *
The liquid fire burns you!
You die...

#.########
#.#.#
#......... #
#.########
#.#.#...
.####.#.#.###
............#
#####.#.#?#.#
#.#.#.# # #@#
# #)# #)# #).
..# ... ###


There were no monsters in sight!

Vanquished Creatures
  The ghost of Malachi the Ruffian, an amateur TrSh (D:4)
  Sigmund (D:3)
  2 ogres (D:4)
  A scorpion (D:4)
  A howler monkey (D:5)
  A bombardier beetle (D:5)
  2 hounds
  A sleepcap (D:5)
  4 iguanas
  Robin (D:4)
  6 gnolls
  8 adders
  2 ribbon worms
  3 orcs
  7 endoplasms
  A giant cockroach (D:3)
  11 goblins
  9 hobgoblins
  2 jackals (D:1)
  6 kobolds
  6 quokkas
  7 ball pythons
  4 bats
  3 frilled lizards (D:3)
  4 rats
94 creatures vanquished.

Vanquished Creatures (others)
  A human (D:3)
1 creature vanquished.

Grand Total: 95 creatures vanquished

Notes
Turn   | Place    | Note
-------+----------+-------------------------------------------
     0 | D:1      | alpinistek the Demonspawn Ice Elementalist began the quest
                  | for the Orb.
     0 | D:1      | Reached XP level 1. HP: 13/13 MP: 3/3
   249 | D:1      | Reached skill level 4 in Ice Magic
   249 | D:1      | Gained mutation: You regenerate a little health from kills.
                  | [demonic ancestry]
   249 | D:1      | Reached XP level 2. HP: 19/19 MP: 3/5
   832 | D:1      | You fall into a shaft and drop 1 floor!
  1241 | D:1      | Reached XP level 3. HP: 3/24 MP: 1/6
  1498 | D:2      | Gained mutation: You are partially covered in molten
                  | scales. (AC +2) [demonic ancestry]
  1498 | D:2      | Reached XP level 4. HP: 30/30 MP: 8/8
  1560 | D:2      | Identified the staff "Intiumy" {rC+ rN+++ Will- Dex+5 Ice}
  1666 | D:2      | Found a faded altar of an unknown god.
  1673 | D:2      | Found the ring of the Mage {Wiz Archmagi}
  1799 | D:2      | Learned a level 3 spell: Frozen Ramparts
  1803 | D:2      | Learned a level 3 spell: Ozocubu's Armour
  2330 | D:3      | Reached skill level 5 in Ice Magic
  2634 | D:3      | Found an ancient bone altar of Kikubaaqudgha.
  2634 | D:3      | Noticed Sigmund
  2834 | D:3      | Noticed a human
  2835 | D:3      | Killed a human
  3122 | D:3      | Gained mutation: You have large cloven feet. [demonic
                  | ancestry]
  3122 | D:3      | Reached XP level 5. HP: 27/35 MP: 9/9
  3345 | D:3      | Killed Sigmund
  3346 | D:3      | Gained mutation: Spells you cast may paralyse adjacent
                  | enemies. [demonic ancestry]
  3346 | D:3      | Reached XP level 6. HP: 36/41 MP: 5/12
  3743 | D:4      | Noticed Robin
  3748 | D:4      | Reached skill level 6 in Ice Magic
  3756 | D:4      | Killed Robin
  4128 | D:4      | Gained mutation: You regenerate health from kills. [demonic
                  | ancestry]
  4128 | D:4      | Reached XP level 7. HP: 46/46 MP: 9/14
  4138 | D:4      | Learned a level 3 spell: Summon Ice Beast
  4187 | D:4      | Found a transporter.
  4188 | D:4      | Found a transporter.
  4189 | D:4      | Noticed Malachi's ghost (amateur TrSh)
  4190 | D:4      | Identified the +3 great mace of Causality {flame, rElec}
  4211 | D:4      | Reached skill level 5 in Spellcasting
  4216 | D:4      | Killed Malachi's ghost
  4217 | D:4      | Reached skill level 7 in Ice Magic
  4384 | D:5      | Entered Level 5 of the Dungeon
  4655 | D:5      | Reached XP level 8. HP: 53/53 MP: 13/17
  4691 | D:5      | Incinerated by a bombardier beetle

Illustrated notes

Levels and vault maps discovered:
D:1:      onia_arrival_mini_maze_b, layout_loops_ring
D:2:      layout_loops_ring, hellmonk_ecumenical_altar_lost_god
D:3:      layout_loops_ring, tgw_kikubaaqudgha, kennysheep_doodads,
          minivault_23, uniq_sigmund
D:4:      layout_rooms, gammafunk_ghost_smash, nrook_loot_triangle, uniq_robin
D:5:      layout_basic, temple_doors_e

Skill      XL: |  1  2  3  4  5  6  7 |
---------------+----------------------+-----
Ice Magic      | 4 5 6 7 |  7.2
Spellcasting   | 3 4 6 |  6.3
Fighting       | |  0.9
Dodging        | |  1.7
Stealth        | |  1.7

Action                     |  1- 3 |  4- 6 |  7- 9 || total
---------------------------+-------+-------+-------++-------
  Melee: Unarmed           |     6 |     5 |       ||    11
         Dagger            |    33 |       |       ||    33
         Spear             |     6 |    16 |       ||    22
         Staff             |       |   108 |     4 ||   112
         Punch             |       |     3 |       ||     3
         Kick              |       |     9 |     2 ||    11
   Cast: Freeze            |    24 |    41 |    14 ||    79
         Frozen Ramparts   |       |     9 |     5 ||    14
         Ozocubu's Armour  |       |       |     1 ||     1
   Stab: Sleeping          |     2 |     5 |       ||     7
         Paralysed         |       |     1 |       ||     1
 Armour: Robe              |    46 |    95 |    14 ||   155
         Skin              |       |     2 |       ||     2
  Dodge: Dodged            |    50 |   148 |     5 ||   203
